 Dungeon Crawl Stone Soup version 0.20.1-1-g8b1a95d (webtiles) character file.

1940 Irenicus the Martial Artist (level 9, -2/56 HPs)
             Began as an Octopode Chaos Knight on Oct 15, 2017.
             Slain by a sky beast (5 damage)
             ... on level 7 of the Dungeon.
             The game lasted 00:18:27 (5416 turns).

Irenicus the Martial Artist (Octopode Chaos Knight) Turns: 5416, Time: 00:18:28

Health: -2/56      AC:  1    Str: 11    XL:     9   Next: 18%
Magic:  5/9        EV: 14    Int: 14    God:    Xom [.....*]
Gold:   150        SH:  4    Dex: 18    Spells: 7/8 levels left

rFire    . . .     SeeInvis .     - Unarmed
rCold    . . .     Gourm    .   (no shield)
rNeg     . . .     Faith    .   (helmet restricted)
rPois    .         Spirit   .   (no amulet)
rElec    .         Reflect  .   q - +3 ring of dexterity
rCorr    .         Harm     .   (no ring)
MR       .....                  C - ring of stealth
Stlth    ++++......             (no ring)
Regen    0.2/turn               (no ring)
MPRegen  0.2/turn               (no ring)
                                (no ring)
                                (no ring)

@: confusing touch
A: almost no armour, stealthy swim, amphibious, 8 rings, constrict 8, large bone
plates 1, camouflage 1, screaming 1, gelatinous body 1
a: Renounce Religion


You were on level 7 of the Dungeon.
You worshipped Xom.
You were Xom's teddy bear.
You were not hungry.

You visited 1 branch of the dungeon, and saw 7 of its levels.

You collected 370 gold pieces.
You spent 220 gold pieces at shops.

Inventory:

Missiles
 y - 2 throwing nets (quivered)
Jewellery
 f - an uncursed ring of fire
 q - a +3 ring of dexterity (left tentacle)
 C - a ring of stealth (on tentacle)
Wands
 j - a wand of iceblast (11/15)
 p - a wand of flame (17/48)
 t - a wand of flame (21/48)
Scrolls
 c - 2 scrolls of recharging {unknown}
 e - 3 scrolls of noise {unknown}
 g - 10 scrolls of identify
 h - 2 scrolls of immolation {unknown}
 k - a scroll of torment {unknown}
 o - 2 scrolls of remove curse {unknown}
 v - a scroll of fog {unknown}
 w - 2 scrolls of teleportation {unknown}
 x - a scroll of enchant armour {unknown}
 z - a scroll of fear {unknown}
Potions
 d - 2 potions of mutation
 i - a potion of magic
 l - a potion of invisibility
 m - 2 potions of haste
 n - a potion of flight
 s - a potion of resistance
 A - a potion of brilliance {unknown}
Books
 u - a book of Misfortune

   Spells                             Type                      Level
   a - Confusing Touch                Hexes                        1
   b - Confuse                        Hexes                        3
   c - Gell's Gravitas                Translocation                3
   d - Petrify                        Transmutation/Earth          4
   e - Metabolic Englaciation         Hexes/Ice                    5
   f - Yara's Violent Unravelling     Hexes/Transmutation          5
Comestibles
 a - 3 bread rations
 b - 4 fruits
 r - 2 meat rations
 B - 3 chunks of flesh
 D - a royal jelly


   Skills:
 - Level 3.0 Fighting
 - Level 2.3 Dodging
 - Level 3.0 Stealth
 + Level 9.8 Unarmed Combat
 - Level 6.5 Hexes


You had 7 spell levels left.
You knew the following spells:

 Your Spells              Type           Power        Failure   Level  Hunger
a - Confusing Touch       Hex            ###...       1%          1    ##.....


Dungeon Overview and Level Annotations

Branches:
Dungeon (7/15)             Temple (0/1) D:4

Altars:
Ashenzari
Cheibriados
Kikubaaqudgha
Trog
Xom
Yredelemnul
Zin

Shops:
D:4 %!![:

Annotations:
D:7 Joseph


Innate Abilities, Weirdness & Mutations

You cannot wear most types of armour.
You are very stealthy in the water. (Stealth+)
You are amphibious.
You can wear up to eight rings at the same time.
You can use your tentacles to constrict eight enemies at once.
Your skin changes colour to match your surroundings (Stealth+).
Your rubbery body absorbs attacks. (AC +1, EV +1)
You are partially covered in large bone plates. (SH +4)
You occasionally shout uncontrollably at your foes.


Message History

Joseph appears confused.
Something barely misses your butterfly. x3
You see here a sling bullet.
You now have 132 gold pieces (gained 18).
w - 2 scrolls labeled IBUTAU UCAE (gained 1)
You now have 150 gold pieces (gained 18).
You are feeling hungry.
You start resting.
Eating one of 4 chunks of flesh.
You eat one of the 4 chunks of flesh.
This raw flesh tastes terrible.
Casting: Confusing Touch
Confirm with . or Enter, or press ? or * to list all spells.
Your tentacles begin to glow red.
The sky beast flickers out of sight!
Deactivating autopickup; reactivate with Ctrl-A.
You tentacle-slap something but do no damage.
You squeeze something. You miss something. You tentacle-slap something.
You squeeze something. Something hits you.
* * * LOW HITPOINT WARNING * * *
Something shocks you.
You die...
Xom yawns loudly!

#########
#...Y....
#{# #@# #.#
#.# #.# #.#
#.# #.##
#..#
#####.#####


There were no monsters in sight!

Vanquished Creatures
  Pikel (D:5)
  Sigmund (D:2)
  A hungry ghost (D:7)
  Menkaure (D:7)
  A slave (D:5)
  A centaur (D:6)
  A bullfrog (D:7)
  A wyvern skeleton (D:6)
  A scorpion (D:6)
  A howler monkey (D:7)
  6 crimson imps
  A bullfrog zombie (D:6)
  A hound (D:4)
  A centaur skeleton (D:4)
  An iguana (D:5)
  Ijyb (D:3)
  4 worker ants
  Robin (D:2)
  5 adders
  13 gnolls
  An ooze (D:1)
  An adder zombie (D:7)
  An adder skeleton (D:4)
  3 worms
  4 dart slugs
  7 leopard geckos
  11 orcs
  13 bats
  3 giant cockroaches
  13 goblins
  9 hobgoblins
  9 jackals
  8 kobolds
  2 ball pythons
  7 frilled lizards
  A leopard gecko skeleton (D:5)
  8 rats
145 creatures vanquished.

Vanquished Creatures (collateral kills)
  A gnoll (D:2)
  2 hobgoblins (D:1)
  A rat (D:1)
4 creatures vanquished.

Grand Total: 149 creatures vanquished

Notes
Turn   | Place    | Note
-------+----------+-------------------------------------------
     0 | D:1      | Irenicus the Octopode Chaos Knight began the quest for the Orb.
     0 | D:1      | Reached XP level 1. HP: 16/16 MP: 1/1
    98 | D:1      | Reached XP level 2. HP: 16/21 MP: 2/2
   372 | D:1      | Reached skill level 4 in Unarmed Combat
   383 | D:1      | Reached XP level 3. HP: 11/26 MP: 3/3
   389 | D:1      | HP: 1/26 [hobgoblin/club (5)]
   397 | D:1      | XOM: cast spell 'Call Canine Familiar'
   759 | D:1      | XOM: god gift: 36 gold pieces
   945 | D:2      | XOM: divination: detect items
   959 | D:2      | XOM: potion effect (brilliance)
   965 | D:2      | XOM: cast spell 'Shadow Creatures'
   975 | D:2      | Reached XP level 4. HP: 12/31 MP: 4/4
  1082 | D:2      | Noticed Sigmund
  1091 | D:2      | XOM: butterfly on damage
  1095 | D:2      | Killed Sigmund
  1095 | D:2      | Reached skill level 6 in Unarmed Combat
  1095 | D:2      | Reached XP level 5. HP: 28/36 MP: 5/5
  1131 | D:2      | Noticed a moth of wrath
  1138 | D:2      | Reached XP level 6. HP: 16/42 MP: 6/6
  1355 | D:2      | Noticed Robin
  1374 | D:2      | Killed Robin
  1387 | D:2      | XOM is BORED!
  1387 | D:2      | XOM: noise
  1432 | D:2      | XOM: mild Ice miscast
  1458 | D:2      | Found a shattered altar of Ashenzari.
  1658 | D:2      | Found a bloodstained altar of Trog.
  1877 | D:3      | Reached skill level 7 in Unarmed Combat
  1971 | D:3      | XOM: scenery: create altars
  2016 | D:3      | Found a faded altar of an unknown god.
  2181 | D:3      | XOM: fog
  2558 | D:3      | XOM: mild Tloc miscast
  2633 | D:3      | Noticed Ijyb
  2646 | D:3      | Killed Ijyb
  2683 | D:4      | XOM: give mutations
  2683 | D:4      | Gained mutation: You have an increased reservoir of magic. (+10% MP) [Xom's grace]
  2683 | D:4      | Gained mutation: You are covered in fur. (AC +1) [Xom's grace]
  2683 | D:4      | Gained mutation: You are resistant to hostile enchantments. (MR+) [Xom's grace]
  2683 | D:4      | Gained mutation: Your spells are a little harder to cast, but a little more powerful. [Xom's grace]
  2690 | D:4      | Found Xixtapti's Book Emporium.
  2749 | D:4      | Reached XP level 7. HP: 26/46 MP: 7/7
  2843 | D:4      | Found Odweic's Distillery.
  2854 | D:4      | Found Wus Quz's Distillery.
  2890 | D:4      | XOM: cloud trail
  2908 | D:4      | Found Dusekeke's Armour Emporium.
  3017 | D:4      | XOM is BORED!
  3017 | D:4      | XOM: mild Chrm miscast
  3047 | D:4      | Found Keojeirgh's Food Shop.
  3090 | D:4      | Found a staircase to the Ecumenical Temple.
  3255 | D:4      | Bought a book of Misfortune for 220 gold pieces
  3257 | D:4      | Learned a level 1 spell: Confusing Touch
  3266 | D:5      | Entered Level 5 of the Dungeon
  3360 | D:5      | Reached skill level 8 in Unarmed Combat
  3454 | D:5      | XOM: scenery: create altars
  3460 | D:5      | Reached skill level 1 in Hexes
  3552 | D:5      | Found a snail-covered altar of Cheibriados.
  3552 | D:5      | XOM: 1-stop teleportation journey
  3566 | D:5      | XOM: divination: magic mapping
  3582 | D:5      | XOM: divine lightning
  3592 | D:5      | Lost mutation: You have an increased reservoir of magic. (+10% MP) [potion of mutation]
  3592 | D:5      | Lost mutation: You are resistant to hostile enchantments. (MR+) [potion of mutation]
  3592 | D:5      | Lost mutation: You are covered in fur. (AC +1) [potion of mutation]
  3592 | D:5      | Lost mutation: Your spells are a little harder to cast, but a little more powerful. [potion of mutation]
  3592 | D:5      | Gained mutation: You occasionally shout uncontrollably at your foes. [potion of mutation]
  3592 | D:5      | Gained mutation: You are partially covered in large bone plates. (SH +4) [potion of mutation]
  3594 | D:5      | XOM: enchant monster (bad)
  3657 | D:5      | Noticed Pikel
  4065 | D:5      | XOM: summons friendly iron imp
  4075 | D:5      | Killed Pikel
  4075 | D:5      | Reached XP level 8. HP: 47/52 MP: 8/8
  4275 | D:6      | Found an ancient bone altar of Kikubaaqudgha.
  4307 | D:6      | Found a basalt altar of Yredelemnul.
  4406 | D:6      | Found a glowing silver altar of Zin.
  4426 | D:6      | Reached skill level 1 in Stealth
  4659 | D:6      | XOM: noise
  5332 | D:7      | Reached skill level 9 in Unarmed Combat
  5350 | D:7      | Reached XP level 9. HP: 55/56 MP: 6/9
  5353 | D:7      | XOM: polymorph giant cockroach -> frilled lizard
  5361 | D:7      | Noticed Menkaure
  5382 | D:7      | Killed Menkaure
  5382 | D:7      | XOM: confuse monster(s)
  5386 | D:7      | Noticed Joseph
  5387 | D:7      | XOM: butterfly on damage
  5389 | D:7      | XOM: scenery: create altars
  5395 | D:7      | Noticed Joseph
  5395 | D:7      | Joseph changed into Joseph the warg
  5395 | D:7      | XOM: polymorph Joseph -> Joseph the warg
  5396 | D:7      | HP: 2/56 [Joseph the warg (12)]
  5416 | D:7      | Slain by a sky beast

Skill      XL: |  1  2  3  4  5  6  7  8 |
---------------+-------------------------+-----
Unarmed Combat | 4 6 7 8 9 |  9.8
Hexes          | 6 |  6.5
Stealth        | 3 |  3.0
Fighting       | |  3.0
Dodging        | |  2.3

Action                   |  1- 3 |  4- 6 |  7- 9 || total
-------------------------+-------+-------+-------++-------
Melee: Unarmed           |    82 |   158 |   173 ||   413
       Constrict         |    16 |    44 |    38 ||    98
       Tentacles         |    11 |    27 |    42 ||    80
       Punch             |     3 |     9 |    18 ||    30
Throw: Throwing net      |       |     2 |     1 ||     3
 Cast: Confusing Touch   |       |       |    30 ||    30
  Use: Potion            |     2 |     1 |     7 ||    10
       Scroll            |       |       |     1 ||     1
 Stab: Sleeping          |     1 |     5 |     6 ||    12
       Confused          |       |       |    10 ||    10
       Distracted        |       |       |     1 ||     1
  Eat: Chunk             |       |     6 |    11 ||    17
Armor: Skin              |    13 |     8 |    23 ||    44
Dodge: Dodged            |    58 |   114 |    58 ||   230
Block: Other             |       |       |    13 ||    13
